 Dungeon Crawl Stone Soup version 0.30-a0-174-gbc10bd73c2 (webtiles) character file.

Game seed: 8036605406562937476

833 qw the Chopper (level 7, -1/44 HPs)
             Began as a Gargoyle Fighter on Oct 1, 2022.
             Slain by a troll (2 damage)
             ... on level 5 of the Dungeon.
             The game lasted 00:01:46 (3576 turns).

qw the Chopper (Gargoyle Fighter)                   Turns: 3576, Time: 00:01:46

Health: -1/44      AC: 23    Str: 21    XL:     7   Next: 98%
Magic:  7/7        EV:  6    Int: 14    God:
Gold:   132        SH:  4    Dex:  9    Spells: 6/6 levels left

rFire   . . .      SeeInvis .    o - +0 war axe (vamp)
rCold   + . .      Faith    .    c - +0 buckler
rNeg    + . .      Spirit   .    a - +1 plate armour "Tiorotue" {+Blink}
rPois   inf        Reflect  .    k - +1 helmet
rElec   +          Harm     .    e - +1 cloak "Kiepat" {rC+ Int+5}
rCorr   .          Rampage  .    (no gloves)
Will    .....                    h - +0 pair of boots
Stlth   ..........               (no amulet)
HPRegen 0.27/turn                (no ring)
MPRegen 0.10/turn                (no ring)

@: weakened
A: sickness immunity, AC +4, negative energy resistance 1, electricity
resistance, torment resistance 1, petrification resistance
a: Evoke Blink


You were on level 5 of the Dungeon.
You visited 1 branch of the dungeon, and saw 5 of its levels.

You collected 214 gold pieces.
You spent 82 gold pieces at shops.


Innate Abilities, Weirdness & Mutations

You are immune to sickness and miasma.
Your stone body is resilient. (AC +4)
You are immune to poison.
You resist negative energy. (rN+)
You are resistant to electric shocks. (rElec)
You are resistant to unholy torment.
You are immune to petrification.


   Skills:
 - Level 4.5 Fighting
 + Level 6.5 Axes
 - Level 1.0 Throwing
 - Level 4.6 Armour
 - Level 2.0 Dodging
 - Level 3.2 Shields


You had 6 spell levels left.
You didn't know any spells.
Your spell library was empty.

Inventory:

Hand Weapons
 o - a +0 vampiric war axe (weapon)
 p - a +0 flail
Missiles
 l - 3 javelins (quivered)
Armour
 a - the +1 plate armour "Tiorotue" (worn) {+Blink}
   (You found it on level 4 of the Dungeon)

   +Blink:    It lets you blink.
 c - a +0 buckler (worn)
 e - the +1 cloak "Kiepat" (worn) {rC+ Int+5}
   (You found it on level 2 of the Dungeon)

   Int:       It affects your intelligence (+5).
   rC:        It protects you from cold.
 h - a +0 pair of boots (worn)
 k - a +1 helmet (worn)
Scrolls
 j - a scroll of identify
Potions
 d - a potion of might
 f - a potion of mutation
 i - a potion of heal wounds
 m - 3 potions of haste
 n - a potion of curing

Dungeon Overview and Level Annotations

Branches:
Dungeon (5/15)
 Temple: D:4-7

Altars:
Fedhas

Shops:
D:3 [?[

Annotations:
D:4 2 transporters, qw's ghost, amateur GrFi


Message History

You closely miss the troll.
The troll is severely wounded.
You hit the gnoll bouda.
You feel better.
You hit the gnoll bouda.
The gnoll bouda barks out a call to the hunt!
The gnoll bouda picks up the pace!
You block the troll's attack.
The troll claws you but does no damage. x2
The gnoll bouda barely misses you.
The gnoll bouda hits you but does no damage.
You barely miss the troll.
The troll is severely wounded.
You hit the gnoll bouda.
You feel better.
You hit the gnoll bouda. The troll barely misses you.
You block the troll's attack. The troll claws you.
The gnoll bouda hits you but does no damage.
The gnoll bouda barely misses you. The troll bites you but does no damage.
The troll claws you but does no damage. x2
You hit the gnoll bouda but do no damage.
The gnoll bouda is almost dead.
You closely miss the troll. You hit the gnoll bouda.
You feel better.
The gnoll bouda hits you but does no damage. x2
You block the troll's attack. The troll barely misses you. x2
You slash the gnoll bouda!
You feel better.
You kill the gnoll bouda!
You closely miss the troll. You barely miss the gnoll bouda.
The gnoll bouda hits you with a +0 club.
The troll bites you but does no damage. The troll claws you.
The troll claws you but does no damage.
You closely miss the gnoll bouda.
The gnoll bouda is severely wounded.
You closely miss the troll.
The gnoll bouda hits you with a +0 club.
The troll bites you. You block the troll's attack.
The troll claws you but does no damage.
The gnoll bouda gazes fiercely through you!
You feel as though you will be weak longer.
The gnoll bouda barely misses you.
You hit the gnoll bouda.
The gnoll bouda is almost dead.
You hit the troll. The troll bites you! The troll claws you. x2
You die...

#... #[...# ..
+....# #....#
#....# #
##%####### #.#
##...##...#...#
#......!....#.#
#............#
#......@T..###
+......)g....#
#...........#.#
#..>........(..
#..........###(
############


You could see a troll and a gnoll bouda (swift).

Vanquished Creatures
  A yak (D:4)
  2 black bears
  A scorpion (D:5)
  A jelly (D:4)
  A hound (D:4)
  A gnoll bouda (D:5)
  2 orc priests
  2 iguanas (D:4)
  An orc wizard (D:3)
  6 gnolls
  6 adders
  An ufetubus (D:5)
  A worm (D:2)
  4 dart slugs
  10 orcs
  8 endoplasms
  4 giant cockroaches (D:1)
  8 hobgoblins
  3 jackals
  8 kobolds
  2 quokkas
  6 ball pythons
  3 bats
  5 frilled lizards
  9 goblins
  3 rats
99 creatures vanquished.

Notes
Turn   | Place    | Note
-------+----------+-------------------------------------------
     0 | D:1      | qw the Gargoyle Fighter began the quest for the Orb.
     0 | D:1      | Reached XP level 1. HP: 14/14 MP: 1/1
     0 | D:1      | 0 ||| qw: Version: 0.2-a-13-gfc7b4b4
     0 | D:1      | 0 ||| qw: Game counter: 1909
     0 | D:1      | 0 ||| qw: Always use a shield: true
     0 | D:1      | 0 ||| qw: God list: Okawaru
     0 | D:1      | 0 ||| qw: Allow faded altars: false
     0 | D:1      | 0 ||| qw: Do Orc after D:15 true
     0 | D:1      | 0 ||| qw: Do second Lair branch before Depths: true
     0 | D:1      | 0 ||| qw: Lair rune preference: random
     0 | D:1      | 0 ||| qw: Plans: Normal, Zot:1-4, God:TSO, Crypt, Tomb,
                  | Pan, Slime:5, Hells, Abyss, Orb
     0 | D:1      | 0 ||| PLANNING D:1-11
    37 | D:1      | Reached skill level 2 in Axes
   116 | D:1      | 116 ||| Stepping ~*~*~tactically~*~*~ (stealth).
   133 | D:1      | 133 ||| Stepping ~*~*~tactically~*~*~ (stealth).
   134 | D:1      | 134 ||| Stepping ~*~*~tactically~*~*~ (stealth).
   136 | D:1      | Reached XP level 2. HP: 18/19 MP: 2/2
   387 | D:1      | Reached skill level 3 in Axes
   431 | D:1      | 431 ||| DROPPING +0 club.
   464 | D:1      | Found a faded altar of an unknown god.
   500 | D:1      | Reached XP level 3. HP: 23/23 MP: 3/3
   749 | D:1      | 749 ||| UPGRADING to +0 pair of boots.
   754 | D:1      | 754 ||| UPGRADING to +0 helmet.
   759 | D:1      | 759 ||| READING scroll labelled CIOSOYN XUCA.
   764 | D:1      | 764 ||| READING scroll labelled JIN PO MUYT.
   765 | D:1      | 765 ||| READING 2 scrolls labelled CECUFO ENGE.
   766 | D:1      | 766 ||| READING scroll labelled JUFOSME YRCHEZU.
   837 | D:2      | 837 ||| Stepping ~*~*~tactically~*~*~ (stealth).
   909 | D:2      | Identified the +1 cloak "Kiepat" {rC+ Int+5}
   931 | D:2      | 931 ||| Stepping ~*~*~tactically~*~*~ (hiding).
  1279 | D:2      | 1279 ||| DROPPING +0 mace.
  1283 | D:2      | Identified the +4 trident "Duxu" {flame, Int+4}
  1577 | D:2      | 1577 ||| UPGRADING to +1 cloak "Kiepat" {rC+ Int+5}.
  1582 | D:2      | 1582 ||| READING scroll labelled RECHOOD XINWIRPH.
  1621 | D:3      | Reached XP level 4. HP: 28/28 MP: 4/4
  1622 | D:3      | Found Tyuwypir's Antique Armour Emporium.
  1647 | D:3      | 1647 ||| SHOPLISTING +10 tower shield of Ignorance {rN+
                  | Int-4} (1260 gold, have 95).
  1647 | D:3      | 1647 ||| SHOPLISTING encrusted leather armour (154 gold,
                  | have 95).
  1647 | D:3      | 1647 ||| SHOPLISTING glowing plate armour (572 gold, have
                  | 95).
  1647 | D:3      | 1647 ||| SHOPLISTING kite shield (99 gold, have 95).
  1647 | D:3      | 1647 ||| SHOPLISTING shiny scale mail (154 gold, have 95).
  1709 | D:3      | Reached skill level 1 in Throwing
  1720 | D:3      | Found a blossoming altar of Fedhas.
  1736 | D:3      | Noticed an oklob plant
  1810 | D:3      | Found Zael's Magic Scroll Shop.
  1821 | D:3      | 1821 ||| Stepping ~*~*~tactically~*~*~ (stealth).
  1823 | D:3      | 1823 ||| Stepping ~*~*~tactically~*~*~ (hiding).
  1826 | D:3      | 1826 ||| Stepping ~*~*~tactically~*~*~ (hiding).
  1827 | D:3      | 1827 ||| Stepping ~*~*~tactically~*~*~ (hiding).
  1829 | D:3      | 1829 ||| Stepping ~*~*~tactically~*~*~ (hiding).
  1840 | D:3      | Reached skill level 4 in Axes
  1864 | D:3      | 1864 ||| BUYING scroll of enchant armour (82 gold).
  1864 | D:3      | Bought a scroll of enchant armour for 82 gold pieces
  1864 | D:3      | 1864 ||| SHOPLISTING scroll of enchant armour (82 gold,
                  | have 13).
  1864 | D:3      | 1864 ||| SHOPLISTING scroll of identify (22 gold, have 13).
  1864 | D:3      | 1864 ||| SHOPLISTING scroll of teleportation (33 gold, have
                  | 13).
  1864 | D:3      | 1864 ||| DROPPING +3 mace.
  1865 | D:3      | 1865 ||| READING scroll of enchant armour.
  1865 | D:3      | 1865 ||| ENCHANTING +0 helmet.
  1885 | D:3      | Found Kyasot's Armour Shoppe.
  1903 | D:3      | 1903 ||| SHOPLISTING +2 scale mail of fire resistance (210
                  | gold, have 38).
  1903 | D:3      | 1903 ||| SHOPLISTING +3 ring mail "Tyizxivaure" {rPois
                  | rCorr Str+3 Int+3} (484 gold, have 38).
  1906 | D:3      | 1906 ||| Stepping ~*~*~tactically~*~*~ (stealth).
  1913 | D:3      | 1913 ||| Stepping ~*~*~tactically~*~*~ (stealth).
  1914 | D:3      | 1914 ||| Stepping ~*~*~tactically~*~*~ (stealth).
  1985 | D:3      | 1985 ||| Stepping ~*~*~tactically~*~*~ (stealth).
  1997 | D:3      | 1997 ||| Stepping ~*~*~tactically~*~*~ (stealth).
  1998 | D:3      | 1998 ||| Stepping ~*~*~tactically~*~*~ (stealth).
  2003 | D:3      | Reached XP level 5. HP: 28/32 MP: 5/5
  2022 | D:3      | 2022 ||| Stepping ~*~*~tactically~*~*~ (stealth).
  2199 | D:3      | Reached skill level 5 in Axes
  2373 | D:3      | 2373 ||| READING 2 scrolls labelled QEDGHO NELAHESO.
  2374 | D:3      | 2374 ||| DRINKING 2 fuming ruby potions.
  2375 | D:3      | 2375 ||| DRINKING 3 black potions.
  2376 | D:3      | 2376 ||| READING 2 scrolls of identify.
  2376 | D:3      | 2376 ||| IDENTIFYING inky potion
  2377 | D:3      | 2377 ||| DROPPING scroll of fog.
  2388 | D:4      | Noticed a black bear
  2394 | D:4      | 2394 ||| STAIRDANCE
  2398 | D:3      | Killed a black bear
  2399 | D:3      | Reached XP level 6. HP: 39/39 MP: 6/6
  2401 | D:4      | 2401 ||| STAIRDANCE
  2515 | D:4      | Noticed a black bear
  2523 | D:4      | Killed a black bear
  2653 | D:4      | Noticed qw's ghost (amateur GrFi)
  2655 | D:4      | Found a transporter.
  2663 | D:4      | Found a transporter.
  2818 | D:4      | 2818 ||| Stepping ~*~*~tactically~*~*~ (stealth).
  2831 | D:4      | Reached XP level 7. HP: 37/44 MP: 7/7
  2996 | D:4      | 2996 ||| Stepping ~*~*~tactically~*~*~ (stealth).
  2998 | D:4      | 2998 ||| Stepping ~*~*~tactically~*~*~ (hiding).
  3051 | D:4      | Noticed a yak
  3065 | D:4      | 3065 ||| UPGRADING to +0 chain mail.
  3070 | D:4      | 3070 ||| Stepping ~*~*~tactically~*~*~ (stealth).
  3071 | D:4      | 3071 ||| UPGRADING to +0 scale mail.
  3076 | D:4      | 3076 ||| UPGRADING to +0 chain mail.
  3099 | D:4      | 3099 ||| UPGRADING to +0 chain mail.
  3109 | D:4      | 3109 ||| DROPPING +0 scale mail.
  3110 | D:4      | 3110 ||| UPGRADING to +0 plate armour.
  3120 | D:4      | 3120 ||| DROPPING +0 chain mail.
  3121 | D:4      | 3121 ||| READING scroll labelled AQUNOPHIGH.
  3122 | D:4      | 3122 ||| READING scroll labelled BUK MINTAGYNI.
  3123 | D:4      | 3123 ||| READING 3 scrolls of identify.
  3123 | D:4      | 3123 ||| IDENTIFYING grey potion
  3124 | D:4      | 3124 ||| READING 2 scrolls of identify.
  3124 | D:4      | 3124 ||| IDENTIFYING pink potion
  3125 | D:4      | 3125 ||| DROPPING potion of berserk rage.
  3126 | D:4      | 3126 ||| READING 2 scrolls of teleportation.
  3239 | D:4      | 3239 ||| Stepping ~*~*~tactically~*~*~ (stealth).
  3254 | D:4      | 3254 ||| DROPPING +1 cloak.
  3255 | D:4      | 3255 ||| READING scroll of teleportation.
  3303 | D:4      | Reached skill level 6 in Axes
  3334 | D:4      | 3334 ||| Stepping randomly (stuck).
  3335 | D:4      | 3335 ||| Stepping randomly (stuck).
  3336 | D:4      | 3336 ||| Stepping randomly (stuck).
  3338 | D:4      | 3338 ||| Stepping randomly (stuck).
  3339 | D:4      | 3339 ||| Stepping randomly (stuck).
  3341 | D:4      | 3341 ||| Stepping randomly (stuck).
  3342 | D:4      | 3342 ||| Stepping randomly (stuck).
  3343 | D:4      | 3343 ||| Stepping randomly (stuck).
  3344 | D:4      | 3344 ||| Stepping randomly (stuck).
  3359 | D:4      | Killed a yak
  3400 | D:4      | Identified the +1 plate armour "Tiorotue" {+Blink}
  3402 | D:4      | 3402 ||| UPGRADING to +1 plate armour "Tiorotue" {+Blink}.
  3412 | D:4      | 3412 ||| DROPPING +0 plate armour.
  3463 | D:5      | Entered Level 5 of the Dungeon
  3464 | D:5      | 3464 ||| STAIRDANCE
  3545 | D:5      | 3545 ||| Stepping ~*~*~tactically~*~*~ (stealth).
  3550 | D:5      | Noticed a troll
  3576 | D:5      | HP: 7/44 [troll (12)]
  3576 | D:5      | HP: 1/44 [troll (6)]
  3576 | D:5      | Slain by a troll

Levels and vault maps discovered:
D:1:      dpeg_arrival_rhombus, layout_basic, hellmonk_ecumenical_altar_zigzags,
          minmay_pentomino_x2
D:2:      layout_loops_ring, kennysheep_cluttered_room
D:3:      layout_loops_ring, tgw_fedhas, serial_shops, shop_statue,
          nicolae_shop_waterfront, nicolae_shop_temple_entry_statues_fountains
D:4:      minmay_clustersquares, layout_rooms, gammafunk_ghost_smash,
          minmay_door_square
D:5:      layout_gridville, nicolae_overflow_crystal_walls,
          minmay_manual_monstrance, uniq_ijyb

Skill      XL: |  1  2  3  4  5  6  7 |
---------------+----------------------+-----
Axes           | 2 3 4 5 6 |  6.5
Throwing       | 1 |  1.0
Fighting       | 4 |  4.5
Dodging        | 2 |  2.0
Armour         | 4 |  4.6
Shields        | |  3.2

Action                   |  1- 3 |  4- 6 |  7- 9 || total
-------------------------+-------+-------+-------++-------
Melee: War axe           |   105 |   101 |    99 ||   305
Throw: Javelin           |     2 |    40 |     7 ||    49
  Use: Scroll            |     5 |     3 |     6 ||    14
       Potion            |       |     2 |       ||     2
Armor: Scale mail        |    58 |    68 |     9 ||   135
       Plate armour      |       |       |   101 ||   101
Dodge: Dodged            |    49 |    45 |    55 ||   149
Block: Buckler           |    16 |    15 |    25 ||    56

Table legend:
 A = Non-vault XP
 B = Vault XP
 C = Vault XP percentage of total XP
 D = Non-vault monster count
 E = Vault monster count
 F = Vault count percentage of total count
                 A         B        C        D         E       F
            +---------+---------+-------+---------+---------+-------
      Total |     786 |     404 |  33.9 |      83 |      16 |  16.2
            +---------+---------+-------+---------+---------+-------
        D:1 |      40 |       3 |   7.0 |      23 |       2 |   8.0
        D:2 |      36 |       0 |   0.0 |      13 |       0 |   0.0
        D:3 |     319 |       0 |   0.0 |      29 |       0 |   0.0
        D:4 |     287 |     357 |  55.4 |      15 |      12 |  44.4
        D:5 |     104 |      44 |  29.7 |       3 |       2 |  40.0
            +---------+---------+-------+---------+---------+-------
